Map: [ESL] Babylon

Players

Spirit (souL)

  • Race: Terran Terran
  • League: Master
  • Spawn Location: 5:00

Serral - Winner!

  • Race: Zerg Zerg
  • Spawn Location: 11:00

Event: HomeStory Cup XXIII

VOD

Have the link to the VOD?

Description

Time

  • Played on: July 1, 2023, 3:19 p.m.
  • Length: 14:59

All games in this series

Show
View Real Time Build Order
Export as new Build Order

Spirit Terran 

Build Orders: Reaper Expand, Hellion Banshee 

Get SALT Encoding   

  12  0:00  SCV  
  13  0:12  SCV  
  14  0:17  Supply Depot  
  14  0:24  SCV  
  15  0:38  SCV  
  15  0:40  Barracks  
  16  0:44  Refinery  
  16  0:50  SCV  
  17  1:03  SCV  
  18  1:15  SCV  
  19  1:27  Orbital Command, Reaper  
  20  1:41  Command Center  
  20  1:50  Supply Depot  
  20  1:53  SCV  
  21  1:59  Marine  
  22  2:05  SCV  
  23  2:14  Factory  
  23  2:17  Marine, SCV  
  25  2:29  SCV  
  26  2:35  Barracks Reactor  
  26  2:41  SCV  
  27  2:47  Command Center  
  27  2:53  SCV  
  27  2:56  Orbital Command  
  28  3:05  SCV  
  28  3:07  Starport  
  28  3:11  Refinery  
  29  3:17  SCV  
  29  3:19  Hellion  
  32  3:22  Hellion  
  32  3:23  SCV  
  35  3:28  Barracks Tech Lab  
  35  3:30  SCV  
  36  3:36  SCV  
  37  3:42  SCV  
  37  3:43  Hellion  
  37  3:44  Hellion  
  37  3:48  SCV  
  43  3:50  Banshee  
  43  3:54  Barracks Tech Lab  
  46  3:59  SCV  
  46  4:00  Orbital Command, SCV  
  48  4:09  Cloaking Field  
  48  4:10  Supply Depot  
  48  4:11  SCV  
  48  4:12  Hellion  
  48  4:13  Hellion  
  53  4:17  SCV  
  53  4:23  SCV  
  55  4:25  SCV  
  55  4:29  SCV  
  57  4:33  Banshee  
  57  4:35  SCV  
  57  4:37  Bunker  
  61  4:39  Marine  
  61  4:44  Stimpack  
  62  4:47  SCV  
  62  4:49  Barracks  
  62  4:50  SCV  
  64  4:53  Refinery  
  64  4:54  Barracks, SCV  
  64  4:55  Refinery  
  64  4:57  Marine  
  64  4:58  Factory Reactor  
  64  4:59  SCV  
  67  5:04  SCV  
  67  5:05  Supply Depot  
  69  5:07  Supply Depot  
  69  5:09  Orbital Command  
  69  5:13  SCV  
  69  5:15  Engineering Bay x2  
  69  5:25  Command Center  
  69  5:26  Marine  
  69  5:27  SCV x2  
  72  5:37  Supply Depot  
  72  5:38  SCV  
  72  5:39  SCV x2  
  75  5:44  Terran Infantry Weapons Level 1, Terran Infantry Armor Level 1  
  75  5:45  Starport Reactor  
  75  5:47  Marine x3, Siege Tank  
  81  5:50  SCV  
  81  5:54  SCV  
  81  5:56  Marine, SCV  
  85  6:02  SCV  
  85  6:03  Marine  
  87  6:05  Marine x2, Supply Depot  
  87  6:06  SCV  
  87  6:08  SCV  
  91  6:12  Marine, Supply Depot  
  91  6:13  Supply Depot  
  91  6:14  SCV  
  93  6:22  Supply Depot  
  93  6:23  Combat Shield, Supply Depot  
  93  6:26  SCV x3, Medivac  
  93  6:28  Medivac  
  93  6:30  Marine  
  101  6:37  Barracks  
  101  6:38  SCV  
  102  6:40  Barracks  
  102  6:41  Marine x4  
  102  6:42  SCV  
  102  6:46  SCV  
  107  6:48  Marine  
  107  6:50  SCV  
  107  6:52  Armory  
  109  6:56  Liberator, SCV  
  109  6:58  SCV  
  109  6:59  Marine x2  
  109  7:00  Siege Tank  
  119  7:03  SCV  
  119  7:05  Marine, Refinery  
  119  7:06  Refinery  
  119  7:08  SCV  
  122  7:10  Marine x2  
  124  7:16  Marine x2  
  124  7:17  SCV  
  124  7:21  Supply Depot  
  127  7:24  Planetary Fortress, Supply Depot, Factory  
  127  7:25  SCV  
  127  7:28  Marine  
  129  7:33  Marine, Siege Tank  
  129  7:34  Barracks Reactor  
  129  7:36  Barracks Tech Lab  
  133  7:37  SCV  
  133  7:41  Medivac  
  136  7:45  SCV x2  
  136  7:49  Terran Infantry Weapons Level 2, SCV  
  139  7:52  Marine, Marauder  
  139  7:57  SCV  
  143  7:59  Terran Infantry Armor Level 2  
  143  8:01  Marine x3, Marauder  
  143  8:03  SCV x2  
  143  8:04  SCV  
  149  8:09  SCV  
  149  8:12  Supply Depot x2  
  150  8:13  Supply Depot  
  150  8:14  Sensor Tower  
  150  8:15  SCV x2  
  150  8:16  Factory Tech Lab, Siege Tank  
  153  8:20  SCV  
  153  8:21  SCV  
  153  8:27  SCV, Command Center, Supply Depot  
  154  8:31  Supply Depot  
  154  8:32  Medivac x2, Supply Depot  
  159  8:38  Marine, Siege Tank, Marauder  
  165  8:41  Marine x4  
  165  8:42  Marauder  
  165  8:44  Refinery  
  165  8:45  Refinery  
  171  8:50  Siege Tank  
  171  8:54  Barracks  
  171  8:55  Barracks, Terran Vehicle Weapons Level 1  
  173  8:57  Barracks  
  173  9:00  Marauder  
  172  9:08  Medivac x2  
  176  9:15  Ghost Academy  
  176  9:20  Command Center  
  176  9:21  SCV x2  
  176  9:22  SCV  
  179  9:26  Siege Tank  
  182  9:31  Siege Tank  
  182  9:38  Marine, Viking x2  
  157  9:39  Marauder  
  157  9:40  Marine x6  
  131  9:52  Barracks Tech Lab x3  
  128  9:56  Marine  
  128  9:58  Marine x2, Siege Tank, Ghost  
  136  10:00  Ghost  
  136  10:03  Siege Tank  
  141  10:08  Missile Turret  
  141  10:10  Viking, Missile Turret x2  
  141  10:12  Viking  
  145  10:18  Marine, Marauder  
  145  10:21  Marine, Marauder x2  
  153  10:23  Marine  
  153  10:27  Marauder  
  156  10:29  Marauder  
  156  10:30  Siege Tank  
  161  10:39  Ghost  
  161  10:42  Orbital Command, Ghost  
  165  10:43  Terran Infantry Weapons Level 3  
  165  10:45  Marine x6, Marauder  
  165  10:49  Marauder  
  175  10:50  Marine  
  175  10:52  Missile Turret  
  175  10:55  Missile Turret  
  176  10:59  Missile Turret  
  176  11:03  Marine x6  
  173  11:06  Marauder  
  173  11:08  Marine, Marauder  
  173  11:10  Marine x2  
  154  11:15  Siege Tank  
  154  11:17  Siege Tank  
  160  11:19  Terran Infantry Armor Level 3  
  160  11:20  Orbital Command  
  160  11:21  Marine x6  
  166  11:26  Marine  
  166  11:27  Marine x2  
  166  11:28  Marine  
  166  11:29  Marine  
  169  11:38  Marine  
  169  11:39  Supply Depot  
  170  11:41  Supply Depot  
  170  11:42  Marine, Supply Depot  
  170  11:44  Refinery  
  171  11:47  Sensor Tower  
  171  11:48  Marine, Marauder  
  171  11:49  Siege Tank  
  171  11:52  Marine  
  171  11:53  Marauder  
  171  11:54  Marine  
  147  11:58  Marine  
  147  12:00  Orbital Command  
  144  12:02  Siege Tank  
  147  12:09  Liberator x2  
  153  12:17  Marine  
  153  12:18  Marauder  
  153  12:21  Marine  
  153  12:22  Marauder  
  153  12:33  Marine x4  
  153  12:34  Marauder  
  129  12:37  Marine, Siege Tank  
  129  12:38  Marauder  
  129  12:39  Marine  
  129  12:41  Marauder  
  129  12:42  Marine  
  129  12:43  Marauder  
  138  12:49  Siege Tank  
  132  12:52  Liberator  
  132  12:53  Marine  
  132  12:55  Marauder  
  132  12:57  Marauder  
  138  13:01  Marine x6, Marauder  
  138  13:04  Marine  
  147  13:09  Siege Tank  
  147  13:10  Orbital Command  
  147  13:11  Marine  
  151  13:16  Marine  
  151  13:18  Marine x2  
  151  13:19  Marine x4  
  157  13:20  Sensor Tower  
  157  13:22  Marauder  
  158  13:29  Marine  
  155  13:36  Siege Tank  
  155  13:37  Marine  
  155  13:38  Marauder  
  155  13:39  Marine  
  155  13:40  Marauder, Marine x3  
  155  13:41  Marauder  
  168  13:43  Marine  
  168  13:46  Medivac x2  
  170  13:51  Sensor Tower  
  170  13:59  Refinery  
  170  14:00  Marine, Refinery, Siege Tank, Marauder  
  176  14:07  Ghost  
  178  14:13  Marine  
  178  14:16  Medivac  
  163  14:20  Siege Tank  
  163  14:21  Marine, Marauder  
  160  14:25  Medivac  
Show
View Real Time Build Order
Export as new Build Order

Serral Zerg - Winner!

Build Orders: Hatch First 

Get SALT Encoding   

  12  0:00  Drone  
  13  0:07  Drone  
  14  0:14  Extractor, Drone  
  15  0:36  Hatchery  
  15  0:41  Extractor  
  15  0:42  Drone  
  14  0:48  Overlord  
  15  1:03  Spawning Pool  
  14  1:06  Drone  
  14  1:11  Drone  
  16  1:14  Drone  
  16  1:18  Drone  
  18  1:29  Drone  
  20  1:40  Drone  
  20  1:49  Drone, Queen x2  
  20  1:52  Overlord  
  25  2:00  Drone x2  
  27  2:10  Drone  
  27  2:11  Drone  
  29  2:21  Drone  
  29  2:22  Drone  
  31  2:25  Queen x2  
  35  2:32  Overlord  
  35  2:33  Drone  
  36  2:46  Extractor, Hatchery, Drone  
  36  2:49  Drone  
  36  2:53  Drone  
  36  2:54  Drone  
  36  2:57  Drone x2  
  40  2:59  Drone  
  40  3:01  Drone  
  40  3:02  Drone  
  40  3:04  Drone  
  44  3:07  Overlord  
  44  3:16  Roach Warren  
  44  3:17  Drone  
  44  3:18  Extractor  
  44  3:19  Drone  
  44  3:29  Drone x7  
  44  3:33  Overlord  
  51  3:42  Drone  
  51  3:44  Overlord  
  52  3:50  Overlord  
  52  3:57  Roach  
  52  3:58  Roach  
  52  4:01  Roach x3  
  62  4:05  Roach  
  62  4:06  Queen  
  62  4:07  Drone x3  
  69  4:10  Overlord  
  69  4:16  Drone  
  70  4:18  Overlord  
  70  4:19  Overlord  
  70  4:24  Lair  
  70  4:26  Overlord  
  70  4:28  Drone  
  70  4:31  Drone  
  72  4:33  Drone x5  
  72  4:36  Metabolic Boost  
  77  4:42  Drone x4  
  77  4:44  Drone x2  
  77  4:45  Drone  
  86  4:52  Queen  
  86  4:56  Drone x3  
  86  4:59  Spore Crawler  
  88  5:00  Drone, Spore Crawler  
  88  5:01  Spore Crawler  
  88  5:04  Extractor  
  88  5:05  Extractor  
  88  5:06  Drone x2  
  87  5:07  Evolution Chamber  
  87  5:08  Drone x2, Evolution Chamber  
  87  5:15  Hatchery  
  87  5:17  Drone x2  
  87  5:20  Drone x3  
  91  5:22  Glial Reconstitution  
  91  5:25  Drone  
  91  5:27  Extractor  
  91  5:28  Extractor, Overlord, Drone  
  90  5:31  Drone x2, Overseer  
  93  5:37  Zerg Melee Weapons Level 1  
  93  5:38  Zerg Ground Armor Level 1  
  93  5:41  Drone x2  
  95  5:44  Overseer  
  95  5:49  Drone x3, Baneling Nest  
  93  5:58  Roach x2  
  93  5:59  Drone x7, Infestation Pit  
  93  6:02  Roach  
  93  6:04  Overlord  
  103  6:07  Overlord  
  103  6:12  Drone x2  
  103  6:13  Drone  
  103  6:16  Roach x4  
  114  6:24  Roach x3  
  120  6:31  Drone x2  
  120  6:32  Drone x3  
  119  6:34  Centrifugal Hooks  
  117  6:42  Drone x2  
  117  6:44  Hive  
  117  6:45  Roach  
  117  6:46  Roach x4  
  129  6:53  Zergling x8  
  129  6:54  Zergling x6  
  136  7:01  Overlord x3  
  136  7:03  Overlord  
  136  7:19  Queen  
  136  7:20  Hatchery  
  136  7:21  Zergling x18  
  146  7:25  Ravager x3  
  149  7:33  Zerg Ground Armor Level 2, Zerg Melee Weapons Level 2  
  149  7:36  Overlord x2  
  149  7:37  Zergling x18  
  158  7:50  Zergling x10  
  163  7:56  Overlord x2, Viper x2, Adrenal Glands  
  169  8:02  Zergling x14  
  176  8:11  Drone x4  
  180  8:14  Overlord x2  
  180  8:16  Baneling x6  
  180  8:17  Baneling x2  
  180  8:22  Zergling x16  
  188  8:30  Zergling x6  
  188  8:34  Queen  
  191  8:35  Ultralisk Cavern  
  191  8:38  Zergling x2  
  191  8:39  Zergling x14  
  200  8:45  Hatchery  
  199  8:54  Baneling x15  
  199  8:55  Baneling x8  
  199  9:02  Drone  
  200  9:05  Baneling x7  
  200  9:20  Spore Crawler  
  199  9:26  Zergling x2  
  167  9:39  Zergling x44  
  167  9:40  Zergling x10  
  167  9:43  Zergling x12  
  183  9:47  Zergling x4  
  183  9:48  Chitinous Plating  
  182  9:54  Zerg Ground Armor Level 3, Zerg Melee Weapons Level 3  
  182  9:56  Extractor  
  182  9:57  Drone x8  
  189  10:00  Baneling x4  
  189  10:08  Zergling x22  
  189  10:09  Baneling x6  
  197  10:17  Zergling x4  
  199  10:26  Baneling x3  
  199  10:27  Baneling x4  
  199  10:30  Overlord  
  195  10:44  Baneling  
  195  10:45  Baneling x16  
  195  10:51  Hydralisk Den  
  195  10:57  Drone x5  
  191  11:07  Anabolic Synthesis  
  191  11:11  Zergling x52  
  191  11:19  Zergling x18  
  191  11:24  Baneling x17  
  197  11:28  Zergling x10  
  199  11:41  Burrow  
  199  11:43  Muscular Augments  
  199  11:45  Zergling x4  
  196  11:51  Zergling x38  
  176  11:56  Zergling x6  
  176  11:57  Viper x2  
  176  11:59  Hatchery  
  174  12:03  Drone x4  
  174  12:06  Spore Crawler, Zergling x12  
  183  12:13  Baneling x15  
  183  12:15  Extractor  
  183  12:20  Extractor  
  182  12:22  Zergling x2  
  182  12:23  Zergling x26  
  182  12:27  Zergling x2  
  182  12:28  Zergling x4  
  196  12:31  Zerg Missile Weapons Level 1  
  196  12:36  Zergling x20  
  174  12:38  Queen x2  
  178  12:44  Overlord  
  178  12:45  Overlord x6  
  178  12:47  Overlord  
  175  12:51  Overlord x2  
  175  12:54  Grooved Spines  
  175  13:04  Hydralisk x10  
  197  13:07  Zergling x10  
  197  13:08  Baneling x7  
  197  13:11  Hatchery  
  193  13:22  Baneling x5  
  193  13:23  Baneling x11  
  192  13:30  Zergling x24  
  199  13:45  Zergling x6  
  200  14:06  Baneling x11  
  200  14:07  Baneling x3  
  200  14:13  Zergling x12  
  195  14:17  Zergling x12  
  195  14:21  Zergling x14  
  195  14:22  Zergling x4  
  192  14:39  Zergling x28  
  192  14:43  Baneling x24  
Tags
 
Add a new tag
Caveats
  • Supply blocks, unpowered buildings, or Contaminate may cause inaccurate times.
  • Supply counts are checked every 10 seconds.